 Dungeon Sprint DCSS version 0.22.1-2-g9c5b331 (webtiles) character file.

7 diana the Ducker (level 1, 0/9 HPs)
             Began as a Felid Transmuter on Dec 23, 2018.
             Slain by a wolf (5 damage)
             ... in the Dungeon (Sprint III: "The Ten Rune Challenge").
             The game lasted 00:00:40 (244 turns).

diana the Ducker (Felid Transmuter)                  Turns: 244, Time: 00:00:41

Health: 0/9        AC:  1    Str:  6    XL:     1   Next: 83%
Magic:  3/4        EV: 19    Int: 14    God:
Gold:   0          SH:  0    Dex: 16    Spells: 3/4 levels left
                                        Lives:  0   Deaths: 0

rFire    . . .     SeeInvis +     - Unarmed
rCold    . . .     Gourm    .   (shield unavailable)
rNeg     . . .     Faith    .   (armour unavailable)
rPois    .         Spirit   .   (helmet unavailable)
rElec    .         Reflect  .   (cloak unavailable)
rCorr    .         Harm     .   (gloves unavailable)
MR       .....     NoTele   +   (boots unavailable)
Stlth    ++........             (no amulet)
HPRegen  0.03/turn              (no ring)
MPRegen  0.09/turn              (no ring)

@: appendage (expiring), quick
A: very small, no armour, no weapons or thrown items, stealth, claws 1, fangs 3,
horns 2, see invisible, carnivore, speed 1, shaggy fur 1, slow metabolism 1,
sharp paws
a: End Transformation


You were in the Dungeon.
You were not hungry.
You had grown temporary horns.
You visited 1 branch

Inventory:

Missiles
 a - 12 arrows
Scrolls
 i - 2 scrolls of blinking
Potions
 d - a potion of curing
 e - a potion of heal wounds
 f - a potion of haste
 g - 2 potions of magic
 h - a potion of berserk rage
Comestibles
 c - a ration


   Skills:
 + Level 1.6 Fighting
 * Level 3.9 Dodging
 + Level 3.3 Unarmed Combat
 + Level 2.3 Spellcasting
 + Level 2.8 Transmutations


You had 3 spell levels left.
You knew the following spells:

 Your Spells              Type           Power        Failure   Level  Hunger
a - Beastly Appendage     Tmut           #.....       7%          1    #......

Your spell library contained the following spells:

 Spells                   Type           Power        Failure   Level  Hunger
 Sticks to Snakes         Tmut           #.......     11%         2    ###....
 Spider Form              Tmut/Pois      #.........   36%         3    ###....
 Ice Form                 Ice/Tmut       #.......     77%         4    #####..
 Blade Hands              Tmut           #.........   89%         5    ######.


Dungeon Overview and Level Annotations

Branches:
Dungeon (1/1)

Altars:


Innate Abilities, Weirdness & Mutations

You cannot wear armour.
You are incapable of wielding weapons or throwing items.
Your paws allow you to move quietly. (Stealth)
You have sharp claws.
You have razor-sharp teeth.
You have supernaturally acute eyesight. (SInv)
You are carnivorous and can eat meat at any time.
You cover ground quickly.
You are covered in fur. (AC +1)
You have a slow metabolism.
Your sharp claws are effective at attacking unaware monsters.
You have a pair of horns on your head.


Message History

Confirm with . or Enter, or press ? or * to list all spells.
You grow a pair of large bovine horns.
Okay, then.
You miss the wolf. The wolf completely misses you. The wolf closely misses you.
You miss the wolf. The wolf closely misses you. The wolf bites you.
Okay, then.
You closely miss the wolf. You bite the wolf, but do no damage.
The wolf misses you.
You scratch the wolf. You claw the wolf.
The wolf is moderately wounded.
The wolf barely misses you. The wolf completely misses you.
You scratch the wolf but do no damage. Your headbutt misses the wolf.
The wolf is moderately wounded.
The wolf closely misses you.
You scratch the wolf.
The wolf is heavily wounded.
Your transformation is almost over.
The wolf completely misses you. The wolf bites you.
Ouch! That really hurt!
You die...

▓..÷..#....≈.♣
▓.....#...≈≈♣♣♣
▓....[#..≈≈≈≈..
▓####'#..≈≈≈≈≈≈
▓.....#h≈≈≈≈≈≈.
▓.†...#.≈≈≈≈≈..
▓.....#.≈≈≈....
▓'#####........
▓....@h........
▓▓▓▓▓▓▓▓▓▓▓▓▓▓▓


You could see a wolf.

Vanquished Creatures
  An ooze (D)
  3 rats (D)
4 creatures vanquished.

Vanquished Creatures (others)
  2 draconian scorchers (D)
  5 hellions (D)
  A yaktaur (D)
8 creatures vanquished.

Grand Total: 12 creatures vanquished

Notes
Turn   | Place    | Note
-------+----------+-------------------------------------------
     0 | D        | diana the Felid Transmuter began the quest for the Orb.
     0 | D        | Reached XP level 1. HP: 9/9 MP: 4/4
    72 | D        | Killed a yaktaur
   105 | D        | Killed a hellion
   108 | D        | Killed a hellion
   109 | D        | Killed a hellion
   157 | D        | Killed a hellion
   169 | D        | Killed a hellion
   209 | D        | Killed a white draconian scorcher
   232 | D        | Noticed a wolf
   232 | D        | Killed a white draconian scorcher
   244 | D        | Slain by a wolf

Skill      XL: |  1 |
---------------+----+-----
Dodging        | 3 |  3.9
Fighting       | |  1.6
Unarmed Combat | |  3.3
Spellcasting   | |  2.3
Transmutations | |  2.8

Action                   || total
-------------------------++-------
Melee: Unarmed           ||    19
       Bite              ||     2
       Headbutt          ||     1
       Punch             ||     1
 Cast: Beastly Appendage ||     3
 Stab: Sleeping          ||     1
  Eat: Chunk             ||     1
Armor: Skin              ||     1
Dodge: Dodged            ||    18
